 Dungeon Crawl Stone Soup version 0.26-a0-652-gafc20e3620 (webtiles) character file.

Game seed: 15939552860450097009

168 smeego the Shield-Bearer (level 5, 0/36 HPs)
             Began as an Octopode Fighter on Oct 3, 2020.
             Succumbed to an adder's poison
             ... on level 4 of the Dungeon.
             The game lasted 00:02:13 (2085 turns).

smeego the Shield-Bearer (Octopode Fighter)         Turns: 2085, Time: 00:02:14

Health: 0/36       AC:  1    Str: 14 (15) XL:     5   Next: 49%
Magic:  5/5        EV: 11    Int: 10 (12) God:
Gold:   66         SH:  8    Dex: 10 (11) Spells: 4/4 levels left

rFire    . . .     SeeInvis .   a - +1 long sword
rCold    . . .     Faith    .   b - +0 kite shield
rNeg     . . .     Spirit   .   (helmet restricted)
rPois    .         Reflect  .   (no amulet)
rElec    .         Harm     .   l - ring of attention (curse)
rCorr    .         Rampage  .   (no ring)
MR       .....                  (no ring)
Stlth    ++........             (no ring)
HPRegen  0.12/turn              (no ring)
MPRegen  0.09/turn              (no ring)
                                (no ring)
                                (no ring)

@: lethally poisoned (0 -> -4), flying
A: almost no armour, stealthy swim, amphibious, 8 rings, constrict 8, camouflage
1, gelatinous body 1
a: no special abilities


You were on level 4 of the Dungeon.
You visited 1 branch of the dungeon, and saw 4 of its levels.

You collected 66 gold pieces.

Inventory:

Hand Weapons
 a - a +1 long sword (weapon)
Missiles
 g - 8 javelins (quivered)
 i - 12 poisoned darts
Armour
 b - a +0 kite shield (worn)
Jewellery
 l - a cursed ring of attention (left tentacle)
Scrolls
 d - a scroll of enchant weapon
 h - a scroll of amnesia {unknown}
 j - 2 scrolls of identify
 m - a scroll of remove curse {unknown}
Potions
 c - a potion of might
 k - a potion of flight


   Skills:
 + Level 3.4 Fighting
 * Level 3.3 Long Blades
 + Level 1.5 Throwing
 + Level 3.4 Dodging
 + Level 2.1 Stealth
 + Level 3.4 Shields
 + Level 1.3 Unarmed Combat


You had 4 spell levels left.
You didn't know any spells.
Your spell library was empty.

Dungeon Overview and Level Annotations

Branches:
Dungeon (4/15)
 Temple: D:4-7

Altars:
The Shining One


Innate Abilities, Weirdness & Mutations

You cannot wear most types of armour.
You are very stealthy in the water. (Stealth+)
You are amphibious.
You can wear up to eight rings at the same time.
You can use your tentacles to constrict eight enemies at once.
Your skin changes colour to match your surroundings (Stealth+).
Your rubbery body absorbs attacks. (AC +1, EV +1)


Message History

Unknown command.
You slash the adder!
You kill the adder!
You constrict the jackal, but do no damage.
You block the jackal's attack. The jackal bites you.
* * * LOW HITPOINT WARNING * * *
Unknown command.
Unknown command.
Unknown command.
Unknown command.
You hit the leopard gecko skeleton. You grab the leopard gecko skeleton.
You squeeze the leopard gecko skeleton.
You destroy the leopard gecko skeleton!
You constrict the jackal.
You kill the jackal!
* * * LOW HITPOINT WARNING * * *
You feel sick.
You see here a jackal corpse.
Unknown command.
You die...

.....[......# .#.
............## ....
.........#...## .....
.......†###...##.....
##.......###.....#
#...##...###....# ##.
###..##...## #..
##††.....## #..
#@.......# #..
##....#...#
#..###....##...#
#...<...## #...
##..)...# #..
#......# a. #..#####
#.# ##


There were no monsters in sight!

Vanquished Creatures
  A worker ant (D:2)
  7 adders
  An ooze (D:1)
  A worm (D:4)
  5 dart slugs
  A leopard gecko (D:2)
  3 orcs
  4 giant cockroaches
  6 goblins
  3 hobgoblins
  10 jackals
  5 bats
  3 frilled lizards (D:1)
  4 kobolds
  A leopard gecko skeleton (D:4)
  8 rats
63 creatures vanquished.

Notes
Turn   | Place    | Note
-------+----------+-------------------------------------------
     0 | D:1      | smeego the Octopode Fighter began the quest for the Orb.
     0 | D:1      | Reached XP level 1. HP: 16/16 MP: 1/1
    76 | D:1      | Reached XP level 2. HP: 11/21 MP: 2/2
   386 | D:1      | Reached skill level 1 in Stealth
   498 | D:1      | Reached XP level 3. HP: 26/26 MP: 3/3
   922 | D:2      | Reached skill level 1 in Throwing
   922 | D:2      | Reached XP level 4. HP: 23/31 MP: 4/4
  1052 | D:2      | Reached skill level 1 in Unarmed Combat
  1332 | D:2      | Found a glowing golden altar of the Shining One.
  1574 | D:3      | Reached XP level 5. HP: 33/36 MP: 5/5
  2083 | D:4      | HP: 1/36 [poisoned by an adder]
  2085 | D:4      | Succumbed to an adder's poison

Illustrated notes

Levels and vault maps discovered:
D:1:      dpeg_arrival_simpleton_a, layout_basic
D:2:      layout_basic, nicolae_tso_carved_into_rock
D:3:      layout_rooms, led_sif_pool, uniq_terence
D:4:      layout_layer_cave, nemelex_xobeh_ov_fountains_minmay

Skill      XL: |  1  2  3  4  5 |
---------------+----------------+-----
Stealth        | 1 2 |  2.1
Throwing       | 1 |  1.5
Unarmed Combat | 1 |  1.3
Long Blades    | 3 |  3.3
Fighting       | |  3.4
Dodging        | |  3.4
Shields        | |  3.4

Action                   |  1- 3 |  4- 6 || total
-------------------------+-------+-------++-------
Melee: Long sword        |    51 |    59 ||   110
       Constrict         |    13 |    18 ||    31
       Tentacles         |     8 |    13 ||    21
  Use: Scroll            |     3 |       ||     3
       Potion            |       |     3 ||     3
 Stab: Sleeping          |     5 |     4 ||     9
       Distracted        |     1 |       ||     1
Armor: Skin              |       |     7 ||     7
Dodge: Dodged            |    26 |    45 ||    71
Block: Kite shield       |    19 |    42 ||    61
       Rpst.: Long sword |     8 |    17 ||    25

Table legend: (Time is in decaauts)
 A = Elapsed time spent in this place.
 B = Non-inter-level travel time spent in this place.
 C = Inter-level travel time spent in this place.
 D = Time resting spent in this place.
 E = Time spent auto-exploring this place.
 F = Levels seen in this place.
 G = Mean time per level.
                   A        B        C        D        E       F      G
               +--------+--------+--------+--------+--------+-----+--------+
         Total |   2122 |   2087 |     35 |    593 |   1119 |   4 |  530.5 |
       Dungeon |   2122 |   2087 |     35 |    593 |   1119 |   4 |  530.5 |
               +--------+--------+--------+--------+--------+-----+--------+

Top non-repeatable levels by time:
     D:1: 840 daAuts
     D:2: 746 daAuts
     D:3: 457 daAuts
     D:4: 77 daAuts
